 Dungeon Crawl Stone Soup version 0.31.0-12-g77e489cdc1 (webtiles) character file.

Game seed: 9012844940196704148

17406 hawla the Fey Minotaur (level 12, 0/156 HPs)
             Began as a Minotaur Fighter on Feb 18, 2024.
             Was an Initiate of Yredelemnul.
             Drowned by a water elemental (3 damage)
             ... on level 13 of the Dungeon.
             The game lasted 00:34:21 (12646 turns).

hawla the Fey Minotaur (Minotaur Fighter)          Turns: 12646, Time: 00:34:22

Health: 0/156      AC: 20    Str: 23    XL:     12   Next: 18%
Magic:  20/20      EV:  9    Int:  5    God:    Yredelemnul [......]
Gold:   716        SH: 17    Dex: 18    Spells: 11/11 levels left

rFire   . . .        w - +7 dagger of Sunlight {flame, *Noise Will+ Dex+5}
rCold   . . .        F - +0 kite shield
rNeg    . . .        G - +1 plate armour {Will+}
rPois   .            (helmet restricted)
rElec   .            h - +1 cloak
rCorr   +            x - +1 pair of gloves
SInv    +            E - +2 pair of boots {rampage}
Will    +....        b - amulet "Zacuit" {Reflect Will- rCorr SH+5 SInv Stlth+} Stlth
                     (no ring)
HPRegen 0.46/turn    (no ring)
MPRegen 0.17/turn

%: reflection, rampage
@: berserking, engulfed (cannot breathe), studying Long Blades, very quick
A: horns 2, retaliatory headbutt, persistent drain
a: Renounce Religion, Recall Undead Harvest


You were on level 13 of the Dungeon.
You worshipped Yredelemnul.
Yredelemnul was pleased with you.
You visited 2 branches of the dungeon, and saw 14 of its levels.

You collected 1003 gold pieces.
You spent 287 gold pieces at shops.

Inventory:

Hand Weapons
 s - the +9 great sword of the Desolation of Salt {freeze, rC+ Int+3}
   (You bought it in a shop on level 1 of the Dungeon)

   Int+3:     It affects your intelligence (+3).
   rC+:       It protects you from cold.
 w - the +7 dagger of Sunlight (weapon) {flame, *Noise Will+ Dex+5}
   (You found it on level 9 of the Dungeon)

   Dex+5:     It affects your dexterity (+5).
   Will+:     It increases your willpower.
   *Noise:    It may make a loud noise when swung.
 D - a +2 great sword of venom
Missiles
 l - 3 throwing nets
 n - 21 poisoned darts (quivered)
 M - 5 curare-tipped darts
Armour
 h - a +1 cloak (worn)
 x - a +1 pair of gloves (worn)
 E - a +2 pair of boots of rampaging (worn)
 F - a +0 kite shield (worn)
 G - a +1 plate armour of willpower (worn)
Jewellery
 b - the amulet "Zacuit" (around neck) {Reflect Will- rCorr SH+5 SInv Stlth+}
   (You found it on level 9 of the Dungeon)

   [amulet of reflection]

   Reflect:   It reflects blocked missile attacks.
   Will-:     It decreases your willpower.
   SInv:      It lets you see invisible.
   rCorr:     It protects you from acid and corrosion.
   SH+5:      It affects your SH (+5).
   Stlth+:    It makes you more stealthy.
 r - a ring of wizardry
 H - a ring of flight
Wands
 k - a wand of iceblast (9)
 q - a wand of polymorph (8)
 y - a wand of paralysis (3)
 A - a wand of digging (6)
 B - a wand of quicksilver (3)
 K - a wand of flame (13)
Scrolls
 f - 3 scrolls of torment
 g - a scroll of teleportation
 z - a scroll of fog
 J - a scroll of immolation
 L - a scroll of revelation
Potions
 a - a potion of magic
 c - a potion of brilliance
 e - a potion of ambrosia
 i - 3 potions of heal wounds {unknown}
 j - 4 potions of enlightenment
 o - 2 potions of might
 p - 3 potions of lignification {unknown}
 t - a potion of cancellation {unknown}
 u - 3 potions of curing
 v - 2 potions of attraction {unknown}
 I - a potion of mutation {unknown}
Miscellaneous
 m - a lightning rod (4/4)
 C - a box of beasts


   Skills:
 - Level 9.0 Fighting
 + Level 6.5(7.6) Short Blades
 - Level 6.5(8.0) Long Blades
 - Level 6.0 Throwing
 - Level 3.6 Armour
 - Level 8.0 Dodging
 + Level 8.9 Shields
 - Level 12.0 Invocations
 - Level 4.0 Evocations


You had 11 spell levels left.
You didn't know any spells.
Your spell library was empty.

Dungeon Overview and Level Annotations

Branches:
Dungeon (13/15)            Temple (1/1) D:4            Lair (0/5) D:11
    Orc (0/2) D:10
 Vaults: D:13-14

Altars:
Ashenzari
Cheibriados
Dithmenos
Elyvilon
Fedhas
Gozag
Hepliaklqana
Kikubaaqudgha
Makhleb
Nemelex Xobeh
Okawaru
Qazlal
Ru
Sif Muna
Trog
Uskayaw
Vehumet
Wu Jian
Xom
Yredelemnul
Zin
The Shining One

Shops:
D:1 (:[=   D:7 *   D:11 (

Annotations:
D:3 2 transporters
D:10 Aldia's ghost, journeyman FeSu
D:12 3 runed translucent doors, spaghetti's ghost, journeyman DEDe


Innate Abilities, Weirdness & Mutations

You have a pair of horns on your head.
You reflexively headbutt those who attack you in melee.
Your health recovers twice as slowly from being drained.


Message History

The water elemental resists.
The bolt of electricity hits you!
The electric eel shoots out a bolt of lightning at you!
The bolt of electricity hits you.
* * * LOW HITPOINT WARNING * * *
You hit the basilisk. You burn the basilisk.
You kill the basilisk!
The dead are walking!
* * * LOW HITPOINT WARNING * * *
Your lungs strain for air!
The water elemental hits you!
* * * LOW HITPOINT WARNING * * *
You puncture the water elemental! You burn the water elemental.
The water elemental is heavily damaged.
* * * LOW HITPOINT WARNING * * *
Your lungs strain for air!
The electric eel shoots out a bolt of lightning at you!
The bolt of electricity hits you.
* * * LOW HITPOINT WARNING * * *
You barely miss the water elemental.
Your headbutt misses the water elemental.
The water elemental is heavily damaged.
* * * LOW HITPOINT WARNING * * *
Your lungs strain for air!
You puncture the water elemental! You burn the water elemental.
The water elemental is almost destroyed.
* * * LOW HITPOINT WARNING * * *
Your lungs strain for air!
You block the water elemental's attack.
The electric eel shoots out a bolt of lightning at you!
The bolt of electricity hits the water elemental.
The water elemental resists.
The bolt of electricity hits you!
* * * LOW HITPOINT WARNING * * *
The electric eel shoots out a bolt of lightning at you!
The bolt of electricity hits you!
* * * LOW HITPOINT WARNING * * *
You are too berserk!
You closely miss the water elemental.
The water elemental is almost destroyed.
You die...
Your body rises from the dead as a mindless zombie.

### #### ...####
.....#. .......
....... .......
^....# .......
.....#
#......##.....#
........).....#
#Z@......#
##E..######
#S......######
#≈~....#......#
~.~≈~....######.#
~.~≈S~≈~.~ ##.#
...≈≈≈≈≈~.~. #..#
~~~~≈≈≈≈≈....
#..#
~≈≈~≈≈≈~~~.####.#


You could see a water elemental (ally target), 2 electric eels and a friendly
basilisk zombie.

Vanquished Creatures
  Fannar (D:11)
  A hydra (D:10)
  2 centaur warriors
  4 two-headed ogres
  2 ugly things
  A manticore (D:8)
  A slime creature (D:12)
  3 gargoyles
  Maggie (D:6)
  An unseen horror (D:8)
  A kobold demonologist (D:12)
  Jeremiah (D:7)
  A tengu conjurer (D:8)
  A troll (D:11)
  A hornet (D:8)
  A shadow (D:11)
  2 wraiths
  A vampire (D:10)
  A wyvern (D:8)
  A water elemental (D:12)
  A yak (D:8)
  8 vampire mosquitoes
  A basilisk (D:13)
  A steam dragon (D:7)
  Menkaure (D:7)
  Edmund (D:4)
  A water moccasin (D:6)
  An acid dragon (D:12)
  2 sky beasts
  A black bear (D:5)
  3 orc warriors
  An ogre (D:6)
  A centaur (D:5)
  2 kobold brigands
  A bullfrog (D:8)
  A gnoll sergeant (D:8)
  A scorpion (D:4)
  Blork the orc (D:5)
  3 killer bees (D:9)
  A howler monkey (D:11)
  A bombardier beetle (D:6)
  6 electric eels
  2 hounds
  7 orc priests
  2 jellies
  Crazy Yiuf (D:2)
  2 gnoll boudas
  2 sleepcaps
  5 iguanas
  6 orc wizards
  12 gnolls
  4 adders
  2 ufetubi (D:7)
  A ribbon worm (D:2)
  38 orcs
  7 ball pythons
  2 bats
  4 endoplasms
  5 giant cockroaches
  6 hobgoblins
  A jackal (D:10)
  3 quokkas
  3 frilled lizards
  13 goblins
  13 kobolds
  4 rats
213 creatures vanquished.

Vanquished Creatures (collateral kills)
  A boulder beetle (D:12)
  Sonja (D:11)
  A manticore (D:8)
  A slime creature (D:12)
  A komodo dragon (D:11)
  A troll (D:12)
  Sigmund (D:5)
  A shadow (D:11)
  A water elemental (D:12)
  3 vampire mosquitoes (D:12)
  A water moccasin (D:8)
  5 killer bees (D:9)
  2 orc priests (D:9)
  An iguana (D:5)
  An adder (D:4)
  A shadow imp (D:8)
  5 orcs
  A kobold (D:9)
  3 training dummies (D:11)
32 creatures vanquished.

Vanquished Creatures (others)
  A hydra zombie (D:10)
  A slime creature zombie (D:12)
  An elf zombie (D:11)
  A hornet zombie (D:8)
  A bullfrog zombie (D:8)
  A killer bee zombie (D:9)
  A sky beast zombie (D:8)
  A hound zombie (D:4)
  A howler monkey zombie (D:11)
  An adder zombie (D:4)
  An iguana zombie (D:7)
  A gnoll zombie (D:7)
  A ball python zombie (D:4)
  A giant cockroach zombie (D:10)
  A jackal zombie (D:10)
  3 kobold zombies
  12 orc zombies
30 creatures vanquished.

Grand Total: 275 creatures vanquished

Notes
Turn   | Place    | Note
-------+----------+-------------------------------------------
     0 | D:1      | hawla the Minotaur Fighter began the quest for the Orb.
     0 | D:1      | Reached XP level 1. HP: 19/19 MP: 0/0
    27 | D:1      | Found a faded altar of an unknown god.
    66 | D:1      | Found Viatego's Jewellery Shoppe.
   220 | D:1      | Reached XP level 2. HP: 26/26 MP: 1/1
   234 | D:1      | Found Voru Tykh's Antique Weapon Emporium.
   234 | D:1      | Found Ulupnot's Book Shoppe.
   295 | D:1      | Found Giaxt's Antique Armour Emporium.
   863 | D:2      | Reached skill level 5 in Shields
   906 | D:2      | Reached skill level 1 in Dodging
   906 | D:2      | Reached XP level 3. HP: 30/31 MP: 2/2
  1261 | D:2      | Found a runed translucent door.
  1262 | D:2      | Noticed Crazy Yiuf
  1327 | D:2      | Killed Crazy Yiuf
  1328 | D:2      | Reached XP level 4. HP: 14/39 MP: 3/3
  1847 | D:3      | Found a blossoming altar of Fedhas.
  1863 | D:3      | Found a transporter.
  1880 | D:3      | Noticed a small abomination
  1882 | D:3      | Found a transporter.
  1985 | D:3      | Reached XP level 5. HP: 38/45 MP: 4/4
  2079 | D:3      | Noticed a small abomination
  2262 | D:4      | Reached skill level 5 in Dodging
  2465 | D:4      | Found a staircase to the Ecumenical Temple.
  2490 | Temple   | Entered the Ecumenical Temple
  2523 | Temple   | Became a worshipper of Yredelemnul the Dark
  2634 | D:4      | Reached XP level 6. HP: 48/51 MP: 5/5
  2641 | D:4      | Reached * piety under Yredelemnul
  2784 | D:4      | Noticed Edmund
  2806 | D:4      | Killed Edmund
  3309 | D:5      | Entered Level 5 of the Dungeon
  3604 | D:5      | Found a glowing silver altar of Zin.
  3607 | D:5      | Noticed Blork the orc
  3616 | D:5      | Killed Blork the orc
  3617 | D:5      | Reached XP level 7. HP: 57/57 MP: 6/6
  3704 | D:5      | Noticed Sigmund
  3711 | D:5      | Reached skill level 1 in Evocations
  3718 | D:5      | Killed Sigmund
  4195 | D:1      | Bought a dazzling great sword for 287 gold pieces
  4195 | D:1      | Identified the +9 great sword of the Desolation of Salt
                  | {freeze, rC+ Int+3} (You bought it in a shop on level 1 of
                  | the Dungeon)
  4323 | D:6      | Noticed Maggie
  4329 | D:6      | Killed Maggie
  4330 | D:6      | Reached XP level 8. HP: 13/64 MP: 7/7
  4804 | D:6      | Reached ** piety under Yredelemnul
  4885 | D:6      | Reached skill level 5 in Throwing
  5186 | D:7      | Noticed Jeremiah
  5191 | D:7      | Killed Jeremiah
  5192 | D:7      | Reached skill level 5 in Fighting
  5209 | D:7      | Reached XP level 9. HP: 60/75 MP: 8/8
  5661 | D:7      | Noticed Menkaure
  5665 | D:7      | Killed Menkaure
  5958 | D:7      | Found a burning altar of Makhleb.
  5987 | D:7      | Found a bloodstained altar of Trog.
  6084 | D:7      | Found Wuggitex's CLEARANCE SALE!.
  6093 | D:7      | Found a snail-covered altar of Cheibriados.
  6300 | D:8      | Reached skill level 1 in Invocations
  6303 | D:8      | Reached skill level 2 in Invocations
  6305 | D:8      | Reached skill level 3 in Invocations
  6312 | D:8      | Reached skill level 4 in Invocations
  6329 | D:8      | Paralysed by a hornet for 1 turns
  6335 | D:8      | Reached skill level 5 in Invocations
  6882 | D:8      | Reached skill level 6 in Invocations
  6882 | D:8      | Reached XP level 10. HP: 86/91 MP: 13/13
  7076 | D:8      | Noticed a centaur warrior
  7077 | D:8      | Noticed a manticore
  7077 | D:8      | Noticed a manticore
  7087 | D:8      | Killed a centaur warrior
  7318 | D:8      | Found a hide-covered altar of Uskayaw.
  7384 | D:8      | Killed a manticore
  7385 | D:8      | Reached skill level 5 in Long Blades
  7385 | D:8      | Reached skill level 7 in Invocations
  7582 | D:8      | Killed a manticore
  7604 | D:8      | Identified the +9 halberd "Dyghuxt" {freeze, +Blink Int-4
                  | Dex+8}
  7759 | D:9      | Noticed a two-headed ogre
  7764 | D:9      | Killed a two-headed ogre
  7765 | D:9      | Reached skill level 8 in Invocations
  7865 | D:9      | Noticed a two-headed ogre
  7873 | D:9      | Killed a two-headed ogre
  7874 | D:9      | Reached skill level 9 in Invocations
  8226 | D:9      | Identified the amulet "Zacuit" {Reflect Will- rCorr SH+5
                  | SInv Stlth+}
  8236 | D:9      | Identified the +7 dagger of Sunlight {flame, *Noise Will+
                  | Dex+5}
  8255 | D:9      | Reached XP level 11. HP: 65/97 MP: 17/17
  8498 | D:9      | Found a hazy altar of Hepliaklqana.
  8600 | D:9      | Reached *** piety under Yredelemnul
  8713 | D:10     | Entered Level 10 of the Dungeon
  8855 | D:10     | Reached skill level 10 in Invocations
  9200 | D:10     | Found a sparkling altar of Nemelex Xobeh.
  9210 | D:10     | Found an iron altar of Okawaru.
  9300 | D:10     | Found a staircase to the Orcish Mines.
  9560 | D:10     | Found a sacrificial altar of Ru.
  9684 | D:10     | Noticed a five-headed hydra
  9692 | D:10     | Killed a five-headed hydra
  9908 | D:10     | Found a runed translucent door.
  9921 | D:10     | Noticed a centaur warrior
  9923 | D:10     | Noticed Aldia's ghost (journeyman FeSu)
 10137 | D:10     | Noticed a lightning spire
 10146 | D:10     | Killed a centaur warrior
 10147 | D:10     | Reached skill level 11 in Invocations
 10149 | D:10     | HP: 3/97 [lightning spire/bolt of electricity[Aldia's
                  | ghost] (19)]
 10583 | D:11     | Noticed Fannar
 10606 | D:11     | Killed Fannar
 11119 | D:11     | Reached skill level 12 in Invocations
 11120 | D:11     | Noticed Sonja
 11130 | D:11     | Reached skill level 1 in Short Blades
 11134 | D:11     | Killed Sonja
 11136 | D:11     | Noticed a brown ugly thing
 11149 | D:11     | Your ally Fannar died
 11155 | D:11     | Your ally Sonja died
 11161 | D:11     | Killed a brown ugly thing
 11376 | D:11     | Found a staircase to the Lair.
 11412 | D:11     | Found Dion Jucw's Firing Range.
 11530 | D:12     | Noticed a two-headed ogre
 11543 | D:12     | Killed a two-headed ogre
 11547 | D:12     | Noticed a two-headed ogre
 11554 | D:12     | Killed a two-headed ogre
 11577 | D:12     | Noticed a green ugly thing
 11586 | D:12     | Killed a green ugly thing
 11587 | D:12     | Reached skill level 5 in Short Blades
 11723 | D:12     | Reached **** piety under Yredelemnul
 11724 | D:12     | Reached XP level 12. HP: 70/104 MP: 20/20
 11726 | D:12     | Noticed a boulder beetle
 11756 | D:12     | Killed a boulder beetle
 11757 | D:12     | Reached ***** piety under Yredelemnul
 11920 | D:12     | Gained mutation: Your health recovers twice as slowly from
                  | being drained. [a neqoxec]
 12289 | D:12     | Found a runed translucent gate.
 12289 | D:12     | Noticed a naga warrior
 12289 | D:12     | Noticed a centaur warrior
 12290 | D:12     | Noticed a naga warrior
 12292 | D:12     | Found a runed translucent gate.
 12292 | D:12     | Noticed spaghetti's ghost (journeyman DEDe)
 12292 | D:12     | Identified the +5 dire flail of Ragnarok {drain, rF+ rN+
                  | Will+}
 12292 | D:12     | Noticed a tengu warrior
 12293 | D:12     | Found a runed translucent gate.
 12293 | D:12     | Identified the +4 leather armour "Hium" {Harm Will+++ Str+3
                  | Slay-5}
 12294 | D:12     | Found an iron altar of Okawaru.
 12645 | D:13     | HP: 3/156 [electric eel/bolt of electricity (9)]
 12646 | D:13     | Drowned by a water elemental

Illustrated notes

Levels and vault maps discovered:
D:1:      psy_arrival_basics, layout_basic, serial_shops, shop, shop, shop,
          shop, hellmonk_ecumenical_altar_lost_god, minmay_tromino_i4
D:2:      layout_loops_cross, uniq_crazy_yiuf_cottage
D:3:      layout_rooms, fedhas_altar_2, gammafunk_ghost_abyssal_escape
D:4:      minmay_chambers_of_twos, layout_basic,
          minmay_temple_entry_glassed_door, nicolae_zig_zag_zippers, uniq_edmund
D:5:      layout_loops_ring, general_overflow_altar, uniq_blork_the_orc,
          uniq_sigmund
D:6:      layout_rooms, serial_library_hellmonk_big_corner, uniq_maggie
D:7:      layout_cave_pods, mainiacjoe_overflow_tiny_flanked,
          mainiacjoe_overflow_two_lobes, minmay_misc_feat_enclosed,
          nicolae_shop_clearance, uniq_jeremiah, uniq_menkaure
D:8:      minmay_the_grid_triangle_9x9_rhombus_thin
          [minmay_the_grid_triangle_9x9_longest,
          minmay_the_grid_triangle_9x9_prize_insulated,
          minmay_the_grid_triangle_9x9_alien,
          minmay_the_grid_triangle_9x9_stretched_checkered], layout_gridville,
          mainiacjoe_overflow_alcove_1
D:9:      layout_long_grid, worldfamousw_hep_ancestral_shrine
D:10:     erik_rubicon_a, layout_gridville, mainiacjoe_overflow_catch_the_wave,
          nicolae_ru_great_annihilating_truth, orc_david_3,
          ebering_ghost_inner_flame
D:11:     layout_gridville, david_lair_shrubbed, minivault_14,
          nicolae_shop_firing_range, uniq_sonja, uniq_fannar
D:12:     layout_basic, gammafunk_ghost_fury_of_okawaru,
          amcnicky_mini_corridor_feature
D:13:     minmay_big_diamond_grid, layout_basic, ebering_ghost_disaster_area,
          nicolae_trove_entry_isolated
Temple:   nicolae_temple_godzebo

Skill      XL: |  1  2  3  4  5  6  7  8  9 10 11 12 |
---------------+-------------------------------------+-----
Shields        | 4 5 8 |  8.9
Dodging        | 1 3 4 5 7 8 |  8.0
Evocations     | 4 |  4.0
Throwing       | 3 6 |  6.0
Fighting       | 5 9 |  9.0
Invocations    | 6 9 12 | 12.0
Long Blades    | 6 |  6.5
Short Blades   | 5 6 |  6.5
Armour         | |  3.6

Action                     |  1- 3 |  4- 6 |  7- 9 | 10-12 || total
---------------------------+-------+-------+-------+-------++-------
  Melee: Long sword        |    73 |   138 |    16 |       ||   227
         Headbutt          |    12 |    34 |    25 |    67 ||   138
         Great sword       |       |       |   108 |    53 ||   161
         Dagger            |       |       |       |   253 ||   253
         Punch             |       |       |       |     1 ||     1
 Invoke: Recall Undead Har |       |       |       |     4 ||     4
  Evoke: Wand              |       |     2 |     4 |    20 ||    26
    Use: Potion            |     2 |     3 |       |     5 ||    10
         Scroll            |     4 |     3 |       |    15 ||    22
   Stab: Paralysed         |       |       |     1 |     1 ||     2
         Distracted        |       |       |     1 |     1 ||     2
 Armour: Scale mail        |    63 |   111 |    88 |       ||   262
         Chain mail        |       |       |    41 |    71 ||   112
         Plate armour      |       |       |       |   235 ||   235
  Dodge: Dodged            |    35 |    86 |   115 |   108 ||   344
  Block: Buckler           |    28 |    11 |       |       ||    39
         Kite shield       |       |    72 |    14 |   202 ||   288
         Reflection        |       |       |       |     5 ||     5
